 Dungeon Crawl Stone Soup version 0.21-a0-251-g5e8393f (webtiles) character file.

109 namelastname112 the Skirmisher (level 5, -4/42 HPs)
             Began as a Formicid Abyssal Knight on Sept 5, 2017.
             Was a Follower of Lugonu.
             Slain by a quokka (5 damage)
             ... on level 2 of the Dungeon.
             The game lasted 00:02:19 (1794 turns).

namelastname112 the Skirmisher (FoAK)               Turns: 1794, Time: 00:02:20

Health: -4/42      AC:  3    Str: 18    XL:     5   Next: 13%
Magic:  7/7        EV: 11    Int: 11    God:    Lugonu [*.....]
Gold:   120        SH:  0    Dex: 10    Spells: 4/4 levels left

rFire    . . .     SeeInvis +   a - +1 hand axe
rCold    . . .     Gourm    .   (no shield)
rNeg     . . .     Faith    .   b - +0 leather armour
rPois    .         Spirit   .   (helmet unavailable)
rElec    .         Reflect  .   (no cloak)
rCorr    .         Harm     .   (no gloves)
MR       .....                  (no boots)
Stlth    +.........             i - amulet of regeneration
HPRegen  0.54/turn              (no ring)
MPRegen  0.10/turn              (no ring)

@: lethally poisoned (-4 -> -6)
A: permanent stasis, dig shafts and tunnels, four strong arms, antennae 3
a: Dig, Shaft Self, Depart the Abyss, Renounce Religion


You were on level 2 of the Dungeon.
You worshipped Lugonu.
Lugonu was aware of your devotion.
You were not hungry.

You visited 1 branch of the dungeon, and saw 2 of its levels.
You visited the Abyss 1 time.

You collected 120 gold pieces.

Inventory:

Hand Weapons
 a - a +1 hand axe (weapon)
Missiles
 q - a throwing net (quivered)
Armour
 b - a +0 leather armour (worn)
Jewellery
 i - an amulet of regeneration (around neck)
Wands
 o - a wand of polymorph (5/24)
Scrolls
 e - 2 scrolls of noise {unknown}
 g - 3 scrolls of identify {unknown}
 k - a scroll of remove curse {unknown}
 n - a scroll of amnesia {unknown}
 r - a scroll of recharging {unknown}
 s - a scroll of teleportation {unknown}
Potions
 f - a potion of ambrosia {unknown}
 j - a potion of cancellation {unknown}
 m - 2 potions of brilliance {unknown}
 p - a potion of flight {unknown}
Comestibles
 c - 4 bread rations
 d - a royal jelly
 h - 2 meat rations


   Skills:
 + Level 3.8 Fighting
 * Level 3.1 Axes
 + Level 3.0 Armour
 + Level 1.6 Dodging
 + Level 3.1 Invocations


You had 4 spell levels left.
You didn't know any spells.

Dungeon Overview and Level Annotations

Branches:
Dungeon (2/15)

Altars:
Ru


Innate Abilities, Weirdness & Mutations

You cannot be hasted, slowed, berserked, paralysed or teleported.
You can dig through walls and to a lower floor.
Your four strong arms can wield two-handed weapons with a shield.
You have a pair of large antennae on your head. (SInv)


Message History

The quokka barely misses you.
You take 11 damage, and have 9/42 hp.
MASSIVE DAMAGE!!
You hit the adder.
The adder is almost dead.
Your leather armour prevents you from hitting the quokka.
You feel sick. The adder bites you.
* * * LOW HITPOINT WARNING * * *
You are more poisoned.
The adder poisons you!
The quokka bites you but does no damage.
You take 4 damage, and have 5/42 hp.
You feel sick. The quokka bites you.
* * * LOW HITPOINT WARNING * * *
The adder barely misses you.
You take 4 damage, and have 1/42 hp.
It was a potion of haste.
Your stasis prevents you from being hasted.
* * * LOW HITPOINT WARNING * * *
You feel sick. The quokka bites you.
You die...

..####................ ..
.. #............... ..
............# ##
............ ##.
.......................
........ .............
#..#.###............ .
#..rS..+............ ..
###@####............ ...
##.####............ ....
#.....##...........
.....##.....+....#.......
............##<..........
.........................
#......†.....#...........
#........#......##>......
#........#.#.......##....


You could see an adder and a quokka.

Vanquished Creatures
  Jessica (D:2)
  An adder (D:2)
  3 gnolls (D:2)
  2 dart slugs
  2 leopard geckos
  11 bats
  2 goblins (D:1)
  6 hobgoblins
  3 jackals (D:1)
  A frilled lizard (D:1)
  7 kobolds
  3 rats
42 creatures vanquished.

Notes
Turn   | Place    | Note
-------+----------+-------------------------------------------
     0 | Abyss:1  | namelastname112 the Formicid Abyssal Knight began the quest for the Orb.
     0 | Abyss:1  | Reached XP level 1. HP: 18/18 MP: 2/2
    40 | Abyss:2  | Found a corrupted altar of Lugonu.
    43 | Abyss:2  | Found a corrupted altar of Lugonu.
    61 | Abyss:3  | Noticed an iron imp
    66 | Abyss:3  | Noticed a red devil
    88 | Abyss:3  | Noticed a smoke demon
    90 | Abyss:3  | Noticed a bone dragon
    90 | D:1      | Escaped the Abyss
   357 | D:1      | Reached skill level 1 in Dodging
   371 | D:1      | Reached * piety under Lugonu
   371 | D:1      | Reached XP level 2. HP: 13/24 MP: 3/3
   938 | D:1      | Reached XP level 3. HP: 29/29 MP: 4/4
  1423 | D:2      | Noticed Jessica
  1437 | D:2      | Killed Jessica
  1437 | D:2      | Reached XP level 4. HP: 36/37 MP: 4/6
  1452 | D:2      | Found a sacrificial altar of Ru.
  1684 | D:2      | Reached XP level 5. HP: 13/42 MP: 7/7
  1793 | D:2      | HP: 1/42 [quokka (3)]
  1794 | D:2      | Slain by a quokka

Vault maps used:
D:1:      lordsloth_arrival_two_stooges
D:2:      old_standard_altar, first_bread, uniq_jessica
Abyss:1:  hangedman_cross_veins

Skill      XL: |  1  2  3  4 |
---------------+-------------+-----
Dodging        | 1 |  1.6
Axes           | 3 |  3.1
Invocations    | 3 |  3.1
Armour         | 3 |  3.0
Fighting       | |  3.8

Action                   |  1- 3 |  4- 6 || total
-------------------------+-------+-------++-------
Melee: Hand axe          |    65 |    61 ||   126
Invok: Depart the Abyss  |     1 |       ||     1
 Abil: Dig               |       |     1 ||     1
  Use: Potion            |       |     1 ||     1
  Eat: Chunk             |     2 |     1 ||     3
Armor: Leather armour    |    22 |    14 ||    36
Dodge: Dodged            |    43 |    47 ||    90

Table legend:
 A = Spawn XP
 B = Non-spawn XP
 C = Spawn XP percentage of total XP
 D = Spawn monster count
 E = Non-spawn monster count
 F = Spawn count percentage of total count
 G = Total turns spent on level
                    A         B        C        D         E        F      G
               +---------+---------+-------+---------+---------+-------+---------
         Total |       6 |     151 |   3.8 |       3 |      39 |   7.1 |  1794
               +---------+---------+-------+---------+---------+-------+---------
           D:1 |       3 |      34 |   8.1 |       2 |      19 |   9.5 |  1297
           D:2 |       3 |     117 |   2.5 |       1 |      20 |   4.8 |   407
               +---------+---------+-------+---------+---------+-------+---------
